 Dungeon Crawl Stone Soup version 0.31-a0-208-gdb31a4691d (webtiles) character file.

Game seed: 4326587507673503372

8561 ketsa the Thaumaturge (level 11, -26/60 HPs)
             Began as a Deep Elf Conjurer on June 28, 2023.
             Was an Elder of Sif Muna.
             Killed by an exploding fulminant prism (42 damage)
             ... on level 1 of the Lair of Beasts.
             The game lasted 00:44:54 (13725 turns).

ketsa the Thaumaturge (Deep Elf Conjurer)          Turns: 13725, Time: 00:44:55

Health: -26/60     AC:  7    Str:  4    XL:     11   Next: 11%
Magic:  14/28      EV: 13    Int: 30    God:    Sif Muna [****..]
Gold:   514        SH:  0    Dex: 13    Spells: 19/33 levels left

rFire   . . .        j - +5 long sword of Ricum {freeze, Drain rCorr Int+2}
rCold   + . .        (no shield)
rNeg    + . .        m - +1 robe {rN+}
rPois   .            (no helmet)
rElec   .            h - +0 cloak
rCorr   +            (no gloves)
SInv    .            F - +2 pair of boots
Will    ++...        o - amulet of regeneration
Stlth   +++          A - ring of willpower
HPRegen 1.10/turn    v - ring of protection from cold
MPRegen 0.21/turn

%: no passive effects
@: lethally poisoned (-26 -> -43)
A: no striking features
a: Renounce Religion, Channel Magic, Forget Spell, Divine Exegesis


You were on level 1 of the Lair of Beasts.
You worshipped Sif Muna.
Sif Muna was greatly pleased with you.
You visited 3 branches of the dungeon, and saw 12 of its levels.
You also visited: Sewer.

You collected 514 gold pieces.

Inventory:

Hand Weapons
 j - the +5 long sword of Ricum (weapon) {freeze, Drain rCorr Int+2}
   (You found it on level 6 of the Dungeon)

   Int:       It affects your intelligence (+2).
   rCorr:     It protects you from acid and corrosion.
   Drain:     It drains your maximum health when unequipped.
 k - a +0 whip of pain
 y - a +1 short sword of flaming
Missiles
 f - 2 boomerangs
 x - 19 poisoned darts
Armour
 a - a +0 robe
 h - a +0 cloak (worn)
 l - a +0 kite shield
 m - a +1 robe of positive energy (worn)
 F - a +2 pair of boots (worn)
 K - +0 acid dragon scales
Jewellery
 g - a +6 ring of strength
 o - an amulet of regeneration (around neck)
 q - a ring of fire
 s - a +6 ring of strength
 v - a ring of protection from cold (right hand)
 z - a ring of protection from cold
 A - a ring of willpower (left hand)
Wands
 r - a wand of quicksilver (13)
 t - a wand of paralysis (12)
 D - a wand of flame (20)
 H - a wand of polymorph (2)
Scrolls
 c - 2 scrolls of immolation
 n - 2 scrolls of blinking
 p - a scroll of enchant armour
 B - 2 scrolls of amnesia
 C - a scroll of revelation
 E - 2 scrolls of torment
 I - a scroll of identify
Potions
 b - 2 potions of magic
 d - 3 potions of haste
 e - a potion of cancellation
 i - a potion of invisibility
 u - a potion of mutation {unknown}
 w - 2 potions of might
 G - a potion of enlightenment {unknown}
 J - a potion of brilliance {unknown}
 L - 2 potions of attraction {unknown}
 N - a potion of curing
 O - a potion of berserk rage {unknown}
 P - a potion of heal wounds {unknown}
Miscellaneous
 M - a phantom mirror


   Skills:
 + Level 3.4 Fighting
 - Level 5.0 Dodging
 - Level 5.0 Stealth
 - Level 11.5 Spellcasting
 + Level 10.7 Conjurations
 - Level 8.1 Hexes
 - Level 5.0 Translocations
 + Level 6.9 Invocations


You had 19 spell levels left.
You knew the following spells:

 Your Spells              Type           Power      Damage    Failure   Level
a - Magic Dart            Conj           100%       1d8       1%          1
b - Searing Ray           Conj           100%       2d8       1%          2
c - Dazzling Flash        Conj/Hex       100%       N/A       1%          3
d - Fulminant Prism       Conj/Hex       32%        3d16      1%          4
e - Iskenderun's Mystic   Conj/Tloc      59%        2d12      1%          4

Your spell library contained the following spells:

 Spells                   Type           Power      Damage    Failure   Level
 Gell's Gravitas          Tloc           47%        N/A       1%          3
 Inner Flame              Hex/Fire       41%        N/A       1%          3
 Teleport Other           Tloc           47%        N/A       1%          3
 Beastly Appendage        Tmut           34%        N/A       3%          1
 Necrotise                Necr           68%        1d7       3%          1
 Volatile Blastmotes      Fire/Tloc      64%        2d15      3%          3
 Cigotuvi's Dreadful Rot  Necr/Pois/Air  34%        N/A       4%          2
 Wereblood                Tmut           17%        N/A       4%          2
 Ignite Poison            Fire/Tmut/Pois 17%        N/A       9%          3
 Spider Form              Tmut/Pois      17%        N/A       9%          3
 Vampiric Draining        Necr           17%        2d7       9%          3
 Yara's Violent Unravell  Hex/Tmut       20%        3d9       16%         5
 Freezing Cloud           Conj/Ice/Air   19%        6-21      19%         5
 Dispel Undead            Necr           17%        3d10      30%         4
 Conjure Ball Lightning   Conj/Air       24%        3x3d7     45%         6
 Dispersal                Tloc           23%        N/A       50%         6
 Agony                    Necr           17%        N/A       63%         5
 Lee's Rapid Deconstruct  Erth           8%         3d7*      63%         5
 Enfeeble                 Hex            30%        N/A       65%         7
 Death Channel            Necr           8%         N/A       99%         6
 Discord                  Hex            30%        N/A       100%        8
 Disjunction              Tloc           23%        N/A       100%        8


Dungeon Overview and Level Annotations

Branches:
Dungeon (10/15)            Temple (1/1) D:7            Lair (1/5) D:8
  Sewer (visited)
    Orc: D:9-12

Altars:
Ashenzari
Cheibriados
Dithmenos
Elyvilon
Fedhas
Gozag
Hepliaklqana
Kikubaaqudgha
Makhleb
Nemelex Xobeh
Okawaru
Qazlal
Ru
Sif Muna
Trog
Uskayaw
Vehumet
Wu Jian
Xom
Yredelemnul
Zin
The Shining One

Shops:
D:5 *

Annotations:
D:4 1 runed translucent door, Crazy Yiuf
D:5 3 runed translucent doors, GrimJard's ghost, novice DESu


Message History

Confirm with . or Enter, or press ? or * to list all spells.
Aiming: Fulminant Prism (dangerous; 1% risk of failure)
Press: ? - help, Dir - move target You conjure a prism of explosive energy!
A fulminant prism comes into view.
The cane toad stings your fulminant prism!!
Your fulminant prism detonates feebly.
Casting: Fulminant Prism (dangerous; 1% risk of failure)
Confirm with . or Enter, or press ? or * to list all spells.
Aiming: Fulminant Prism (dangerous; 1% risk of failure)
Press: ? - help, Dir - move target You conjure a prism of explosive energy!
A fulminant prism comes into view.
Your fulminant prism crackles loudly.
Your fulminant prism explodes!
The blast of energy engulfs the cane toad!!
The cane toad is heavily wounded.
Casting: Fulminant Prism (dangerous; 1% risk of failure)
Confirm with . or Enter, or press ? or * to list all spells.
Aiming: Fulminant Prism (dangerous; 1% risk of failure)
Press: ? - help, Dir - move target You conjure a prism of explosive energy!
A fulminant prism comes into view.
The cane toad closely misses you. The cane toad stings you!
You are poisoned.
The cane toad poisons you! The cane toad attacks as you move away!
The cane toad stings you!
You are lethally poisoned!
The cane toad poisons you!
You feel extremely sick.
Your fulminant prism crackles loudly.
The cane toad attacks as you move away! The cane toad closely misses you.
* * * LOW HITPOINT WARNING * * *
You feel extremely sick.
Your fulminant prism explodes!
The blast of energy engulfs the cane toad!
The cane toad is almost dead.
The blast of energy engulfs you!!!
Ouch! That really hurt!
You die...

..## ############.##### .##
#.## #. #.# ##..# #.. ### #...#
#... # ##..# #...# ###### ###
####..##### #....#
..##.####.####.#.......###....#
.......#..............[......#
.........##.....@F........#.#
#.....#....................#
##P###.###.####.####.###.#.#
### ### ### ### ### #####


You could see a cane toad.

Vanquished Creatures
  A two-headed ogre (D:6)
  A black mamba (Lair:1)
  2 cane toads (Lair:1)
  A rime drake (D:8)
  2 komodo dragons
  A troll (D:9)
  Eustachio (D:6)
  2 wyverns
  2 steam dragons
  6 yaks (D:8)
  2 basilisks (Lair:1)
  An acid dragon (D:9)
  2 water moccasins
  Pargi (D:3)
  2 orc warriors
  3 sky beasts (D:7)
  A black bear (D:6)
  4 ice beasts (D:8)
  2 ogres
  4 wolves (D:8)
  2 centaurs
  3 phantoms
  2 kobold brigands
  5 bullfrogs
  A scorpion (D:5)
  7 wights (D:8)
  4 killer bees
  A jelly (D:7)
  3 hounds
  A sleepcap (D:7)
  An iguana (D:7)
  6 orc priests
  Jessica (D:3)
  Terence (D:3)
  11 orc wizards
  3 gnolls (D:5)
  11 adders
  2 ufetubi
  3 worms
  4 dart slugs
  35 orcs
  14 endoplasms
  15 giant cockroaches
  7 hobgoblins
  15 jackals
  8 quokkas
  14 ball pythons
  3 bats
  10 frilled lizards
  6 goblins
  17 kobolds
  10 rats
267 creatures vanquished.

Vanquished Creatures (others)
  46 fulminant prisms
46 creatures vanquished.

Grand Total: 313 creatures vanquished

Notes
Turn   | Place    | Note
-------+----------+-------------------------------------------
     0 | D:1      | ketsa the Deep Elf Conjurer began the quest for the Orb.
     0 | D:1      | Reached XP level 1. HP: 10/10 MP: 6/6
   476 | D:1      | Reached XP level 2. HP: 15/15 MP: 6/8
   904 | D:1      | Found a faded altar of an unknown god.
   975 | D:2      | Reached skill level 5 in Conjurations
  1034 | D:2      | Reached XP level 3. HP: 19/19 MP: 1/10
  1439 | D:2      | Reached skill level 4 in Spellcasting
  1557 | D:2      | Found a shimmering blue altar of Sif Muna.
  1616 | D:2      | Became a worshipper of Sif Muna the Loreminder
  1814 | D:2      | Reached XP level 4. HP: 24/24 MP: 4/12
  2285 | D:3      | Learned a level 2 spell: Searing Ray
  2308 | D:3      | Noticed Jessica
  2312 | D:3      | Killed Jessica
  2444 | D:3      | Noticed Terence
  2454 | D:3      | Killed Terence
  2455 | D:3      | Reached XP level 5. HP: 28/28 MP: 7/14
  2505 | D:3      | Reached * piety under Sif Muna
  2557 | D:3      | Noticed Pargi
  2563 | D:3      | Learned a level 3 spell: Dazzling Flash
  2868 | D:3      | Noticed a phantom
  2947 | D:3      | Found a basalt altar of Yredelemnul.
  3110 | D:3      | Killed Pargi
  3111 | D:3      | Reached skill level 5 in Spellcasting
  3111 | D:3      | Reached XP level 6. HP: 15/32 MP: 6/16
  3553 | D:5      | Entered Level 5 of the Dungeon
  3644 | D:4      | Reached skill level 6 in Spellcasting
  3644 | D:4      | Reached XP level 7. HP: 36/36 MP: 11/18
  3649 | D:4      | Learned a level 4 spell: Fulminant Prism
  3954 | D:4      | Found a runed translucent door.
  3955 | D:4      | Noticed Crazy Yiuf
  4286 | D:4      | Reached skill level 1 in Hexes
  4861 | D:4      | Reached ** piety under Sif Muna
  5316 | D:5      | Found a blossoming altar of Fedhas.
  5480 | D:5      | Found a runed translucent gate.
  5480 | D:5      | Found a runed translucent gate.
  5481 | D:5      | Found an opulent altar of Gozag.
  5481 | D:5      | Found a runed translucent gate.
  5483 | D:5      | Noticed GrimJard's ghost (novice DESu)
  5517 | D:5      | Found Qinuxuega's Fire Supplies.
  6350 | D:6      | Reached XP level 8. HP: 37/41 MP: 11/20
  6407 | D:6      | Found a glowing drain.
  6411 | Sewer    | Entered a sewer
  6791 | Sewer    | Reached *** piety under Sif Muna
  6885 | D:6      | Reached skill level 5 in Stealth
  6885 | D:6      | Reached skill level 7 in Spellcasting
  6893 | D:6      | Reached skill level 5 in Dodging
  6980 | D:6      | Reached skill level 5 in Hexes
  7067 | D:6      | Noticed a two-headed ogre
  7178 | D:6      | Killed a two-headed ogre
  7179 | D:6      | Reached skill level 10 in Spellcasting
  7179 | D:6      | Reached XP level 9. HP: 45/45 MP: 15/25
  7282 | D:6      | Identified the +5 long sword of Ricum {freeze, Drain rCorr
                  | Int+2}
  7297 | D:6      | Reached skill level 11 in Spellcasting
  7588 | D:6      | Found a glowing golden altar of the Shining One.
  7618 | D:6      | Noticed Eustachio
  7625 | D:6      | Killed Eustachio
  7967 | D:6      | Learned a level 4 spell: Iskenderun's Mystic Blast
  8228 | D:7      | Reached skill level 1 in Translocations
  8425 | D:7      | Reached skill level 1 in Invocations
  8721 | D:7      | Found a staircase to the Ecumenical Temple.
  8750 | D:7      | Reached **** piety under Sif Muna
  8854 | Temple   | Entered the Ecumenical Temple
  9885 | D:8      | Noticed a rime drake
 10173 | D:8      | Found a staircase to the Lair.
 10184 | D:8      | Reached XP level 10. HP: 50/50 MP: 13/27
 10699 | Lair:1   | Entered Level 1 of the Lair of Beasts
 10898 | D:8      | Reached skill level 5 in Translocations
 11045 | D:8      | Reached skill level 5 in Invocations
 11326 | D:8      | Reached skill level 1 in Fighting
 12039 | D:9      | Reached skill level 10 in Conjurations
 12726 | D:9      | Found a shadowy altar of Dithmenos.
 12726 | D:9      | Found a snail-covered altar of Cheibriados.
 12732 | D:9      | Found a faded altar of an unknown god.
 12734 | D:9      | Found a shimmering blue altar of Sif Muna.
 12735 | D:9      | Found a shimmering altar of Xom.
 12824 | D:10     | Entered Level 10 of the Dungeon
 13110 | Lair:1   | Noticed a cane toad
 13111 | Lair:1   | Noticed a cane toad
 13122 | Lair:1   | Noticed a black mamba
 13126 | Lair:1   | Killed a cane toad
 13128 | Lair:1   | Killed a black mamba
 13129 | Lair:1   | Reached XP level 11. HP: 35/60 MP: 10/28
 13725 | Lair:1   | Killed by an exploding fulminant prism

Illustrated notes

Levels and vault maps discovered:
D:1:      wander_arrival_fairy_ring, layout_basic,
          shapermc_ecumenical_altar_acropolis, minivault_24
D:2:      layout_basic, basic_altar, roderic_nine_men_s_morris,
          amcnicky_mini_rare_corridor_liquid, kennysheep_generic_room_8
D:3:      layout_basic, mainiacjoe_overflow_brackets,
          dreamdust_mushroom_princess, uniq_pargi, uniq_jessica, uniq_terence
D:4:      layout_gridville, uniq_crazy_yiuf_cottage
D:5:      layout_loops_corners, general_overflow_altar, ebering_ghost_gozag,
          nicolae_shop_fire_sale [nicolae_sub_dead_trees], moated_statue
D:6:      layout_basic, mainiacjoe_overflow_24_doors, enter_ossuary_3,
          gup_sewer_entry_bowl, hangedman_abyss_or_decor_stabs, st_stairs_2,
          uniq_eustachio
D:7:      layout_basic, minmay_temple_entry_arrows, serial_aquarium,
          aquarium_bridge_long_joined [aquarium_subvault_bridge,
          aquarium_subvault_window, aquarium_subvault_wall,
          aquarium_subvault_window, aquarium_subvault_window,
          aquarium_subvault_wall], aquarium_window_fake, aquarium_window_1,
          aquarium_view_2d, aquarium_pool_1
D:8:      layout_loops_cross, hellmonk_lair_entry_icy, serial_co_window_serial,
          co_window_cross_1, co_window_paths_a, co_window_of_opportunity_a,
          co_window_paths_a, co_window_corner_a, co_window_corner_a,
          co_window_of_opportunity_a, co_window_paths_b,
          co_window_of_opportunity_a, co_window_paths_c, co_window_broadway_b,
          co_window_paths_c, co_window_broadway_b, co_window_4corner_a
D:9:      layout_irregular_city, chequers_temple_overflow_minitemple
D:10:     cheibrodos_wizards_tower, layout_irregular_city, enter_bailey_2,
          kennysheep_potato, uniq_fannar
Temple:   eino_wide_crystal_templ
Lair:1:   layout_concentric_octagons

Skill      XL: |  1  2  3  4  5  6  7  8  9 10 |
---------------+-------------------------------+-----
Conjurations   | 5 6 7 8 9 10 | 10.7
Spellcasting   | 4 5 6 10 11 | 11.5
Dodging        | 3 4 5 |  5.0
Stealth        | 3 4 5 |  5.0
Hexes          | 3 5 7 8 |  8.1
Translocations | 4 5 |  5.0
Invocations    | 3 6 |  6.9
Fighting       | 3 |  3.4

Action                     |  1- 3 |  4- 6 |  7- 9 | 10-12 || total
---------------------------+-------+-------+-------+-------++-------
  Melee: Whip              |       |       |     2 |       ||     2
   Cast: Magic Dart        |    92 |    46 |   227 |    23 ||   388
         Searing Ray       |       |    16 |    55 |    34 ||   105
         Fulminant Prism   |       |       |    15 |    31 ||    46
         Dazzling Flash    |       |       |     1 |       ||     1
         Iskenderun's Myst |       |       |       |     3 ||     3
    Use: Scroll            |       |       |    11 |     7 ||    18
         Potion            |       |       |     2 |       ||     2
   Stab: Sleeping          |       |       |     1 |       ||     1
 Armour: Robe              |       |     4 |     9 |     1 ||    14
  Dodge: Dodged            |     4 |     5 |    48 |    28 ||    85

Table legend: (Time is in decaauts)
 A = Elapsed time spent in this place.
 B = Non-inter-level travel time spent in this place.
 C = Inter-level travel time spent in this place.
 D = Time resting spent in this place.
 E = Time spent auto-exploring this place.
 F = Levels seen in this place.
 G = Mean time per level.
                   A        B        C        D        E       F      G
               +--------+--------+--------+--------+--------+-----+--------+
         Total |  13792 |  13303 |    489 |   3653 |   6401 |  13 | 1060.9 |
       Dungeon |  12402 |  11934 |    468 |   3125 |   6073 |  10 | 1240.2 |
        Temple |     72 |     51 |     21 |      0 |     40 |   1 |   72.0 |
          Lair |    814 |    814 |      0 |    335 |    268 |   1 |  814.0 |
         Sewer |    503 |    503 |      0 |    193 |     20 |   1 |  503.0 |
               +--------+--------+--------+--------+--------+-----+--------+

Top non-repeatable levels by time:
     D:8: 2227 daAuts
     D:7: 1570 daAuts
     D:4: 1512 daAuts
     D:6: 1425 daAuts
     D:2: 1240 daAuts
     D:3: 1234 daAuts
     D:5: 1199 daAuts
     D:9: 1010 daAuts
     D:1: 965 daAuts
  Lair:1: 814 daAuts
   Sewer: 503 daAuts
  Temple: 72 daAuts
    D:10: 15 daAuts
